 Dungeon Crawl Stone Soup version 0.27-a0-906-g0a00ce863d (webtiles) character file.

Game seed: 12130459190117678359

8 Alarkh the Insei (level 2, 19/22 HPs)
             Began as a Demonspawn Gladiator on Apr 6, 2021.
             Got out of the dungeon alive.
             The game lasted 00:00:16 (400 turns).

Alarkh the Insei (Demonspawn Gladiator)              Turns: 400, Time: 00:00:17

Health: 19/22      AC:  4    Str: 14    XL:     2   Next: 0%
Magic:  2/2        EV: 12    Int:  9    God:
Gold:   0          SH:  0    Dex: 14    Spells: 1/1 levels left

rFire    . . .     SeeInvis .     - Unarmed
rCold    . . .     Faith    .   (no shield)
rNeg     . . .     Spirit   .   a - +0 leather armour
rPois    .         Reflect  .   b - +0 helmet
rElec    .         Harm     .   (no cloak)
rCorr    .         Rampage  .   (no gloves)
Will     .....                  (no boots)
Stlth    +.........             (no amulet)
HPRegen  0.07/turn              (no ring)
MPRegen  0.08/turn              (no ring)

@: no status effects
A: hooves 1
a: no special abilities


You escaped.
You visited 1 branch of the dungeon, and saw 1 of its levels.

Inventory:

Missiles
 c - 3 throwing nets (quivered)
Armour
 a - a +0 leather armour (worn)
 b - a +0 helmet (worn)
Scrolls
 d - a scroll of fear {unknown}
 e - a scroll of enchant weapon {unknown}
 f - a scroll of blinking {unknown}


   Skills:
 + Level 2.2 Fighting
 - Level 1.7 Throwing
 - Level 2.6 Dodging
 * Level 3.1 Unarmed Combat


You had one spell level left.
You didn't know any spells.
Your spell library was empty.

Dungeon Overview and Level Annotations

Branches:
Dungeon (1/15)

Altars:


Innate Abilities, Weirdness & Mutations

You have large cloven feet.


Message History

The endoplasm hits you but does no damage.
You hit the endoplasm.
You kill the endoplasm!
A ball python comes into view.
Your Unarmed Combat skill increases to level 3!
You start resting.
A ball python is nearby!
The ball python hisses angrily.
You see here a +0 club.
The ball python bites you. The ball python completely misses you.
The ball python barely misses you. The ball python closely misses you.
You see here a +0 club.
You barely miss the ball python.
The ball python bites you but does no damage.
The ball python grabs you. The ball python constricts you.
You hit the ball python.
The ball python is heavily wounded.
The ball python closely misses you. The ball python constricts you.
You hit the ball python.
You kill the ball python!
You see here a ball python corpse.
You start resting.
HP restored.
A ball python comes into view.
Found a scroll labelled ZYOVAE EROZEGH.
A ball python is nearby!
A ball python is nearby!
The ball python hisses angrily.
The ball python bites you. The ball python barely misses you.
You hit the ball python.
You kill the ball python!
You have reached level 2!
Your demonic ancestry asserts itself...
Your feet thicken and deform.
f - a scroll labelled ZYOVAE EROZEGH
There is a fountain of clear blue water here.
There is an open door here.
There is a staircase leading out of the dungeon here.
Are you sure you want to leave the Dungeon?
This will make you lose the game!
You have escaped!

.# .# .# )#
†###### ......#
......#
......############
......#......#..@#
......#.###..#...#
......#.#....#'###
......#.#.⌠....#
######......#..#
#.....####.+
##.......#..#
#..#.#.⌠....#
####.##.#....#+#


There were no monsters in sight!

Vanquished Creatures
  2 ball pythons (D:1)
  2 endoplasms (D:1)
  A goblin (D:1)
  A hobgoblin (D:1)
  A rat (D:1)
7 creatures vanquished.

Notes
Turn   | Place    | Note
-------+----------+-------------------------------------------
     0 | D:1      | Alarkh the Demonspawn Gladiator began the quest for the
                  | Orb.
     0 | D:1      | Reached XP level 1. HP: 16/16 MP: 1/1
   240 | D:1      | Reached skill level 3 in Unarmed Combat
   366 | D:1      | Gained mutation: You have large cloven feet. [demonic
                  | ancestry]
   366 | D:1      | Reached XP level 2. HP: 16/22 MP: 2/2
   400 | D:$      | Got out of the dungeon alive.

Illustrated notes

Levels and vault maps discovered:
D:1:      dpeg_arrival_court, layout_loops_ring, hangedman_decor_points,
          minmay_pentomino_t2

Skill      XL: |  1 |
---------------+----+-----
Unarmed Combat | 3 |  3.1
Fighting       | |  2.2
Throwing       | |  1.7
Dodging        | |  2.6

Action                   || total
-------------------------++-------
Melee: Unarmed           ||    31
Armor: Leather armour    ||    14
Dodge: Dodged            ||    18

Table legend: (Time is in decaauts)
 A = Elapsed time spent in this place.
 B = Non-inter-level travel time spent in this place.
 C = Inter-level travel time spent in this place.
 D = Time resting spent in this place.
 E = Time spent auto-exploring this place.
 F = Levels seen in this place.
 G = Mean time per level.
                   A        B        C        D        E       F      G
               +--------+--------+--------+--------+--------+-----+--------+
         Total |    398 |    374 |     24 |    261 |     49 |   1 |  398.0 |
       Dungeon |    398 |    374 |     24 |    261 |     49 |   1 |  398.0 |
               +--------+--------+--------+--------+--------+-----+--------+

Top non-repeatable levels by time:
     D:1: 398 daAuts
